 Dungeon Crawl Stone Soup version 0.21.1-1-g345015f (webtiles) character file.

17922 lyrx the Devastator (level 12, 0/74 HPs)
             Began as a Demonspawn Conjurer on Apr 4, 2018.
             Was a High Priest of Vehumet.
             Shot with an arrow by Nessos (2 damage)
             ... on level 12 of the Dungeon.
             The game lasted 02:17:58 (15595 turns).

lyrx the Devastator (Demonspawn Conjurer)          Turns: 15595, Time: 02:17:59

Health: 0/74       AC:  6    Str:  8    XL:     12   Next: 23%
Magic:  22/35      EV: 24    Int: 25    God:    Vehumet [*****.]
Gold:   627        SH:  0    Dex: 20    Spells: 9/31 levels left

rFire    . . .     SeeInvis .   U - +8 long sword of Omnoniv {flame, Int+4}
rCold    . . .     Gourm    +   (no shield)
rNeg     + . .     Faith    .   V - +0 troll leather armour
rPois    .         Spirit   .   o - +1 hat
rElec    .         Reflect  .   (no cloak)
rCorr    .         Harm     .   F - +0 pair of gloves
MR       .....                  (boots unavailable)
Stlth    +++.......             P - amulet of the gourmand
HPRegen  0.62/turn              Q - ring of positive energy
MPRegen  0.24/turn              S - ring of magical power

@: agile, lethally poisoned (0 -> -8)
A: hooves 3, repulsion field 2, demonic guardian 1, powered by pain 2
a: Renounce Religion


You were on level 12 of the Dungeon.
You worshipped Vehumet.
Vehumet was extremely pleased with you.
You were very full.

You visited 2 branches of the dungeon, and saw 13 of its levels.
You also visited: Sewer.

You collected 803 gold pieces.
You spent 176 gold pieces at shops.

Inventory:

Hand Weapons
 g - a +4 hand axe of freezing
 y - a +0 hunting sling of venom
 C - a cursed -3 blowgun
 U - the +8 long sword of Omnoniv (weapon) {flame, Int+4}
   (You found it on level 7 of the Dungeon)

   It has been specially enchanted to burn those struck by it, causing extra
   injury to most foes and up to half again as much damage against particularly
   susceptible opponents.
   Big, fiery blades are also staple armaments of hydra-hunters.
   It affects your intelligence (+4).
Missiles
 d - 60 poisoned needles
 t - 121 sling bullets
 W - 2 poisoned javelins (quivered)
Armour
 o - a +1 hat (worn)
 F - a +0 pair of gloves (worn)
 V - a +0 troll leather armour (worn)
 Z - the +2 robe of the Eternal Void {rPois Str-5 Int+5}
   (You bought it in a shop on level 10 of the Dungeon)

   It affects your strength (-5).
   It affects your intelligence (+5).
   It protects you from poison.
Magical Staves
 M - an uncursed staff of earth
Jewellery
 a - an uncursed ring of poison resistance
 z - an uncursed ring of ice
 G - an uncursed ring of ice
 P - an amulet of the gourmand (around neck)
 Q - a ring of positive energy (left hand)
 R - a +3 ring of intelligence
 S - a ring of magical power (right hand)
 X - an uncursed amulet of regeneration
Wands
 i - a wand of iceblast (4)
 A - a wand of polymorph (14)
 B - a wand of digging (12)
 L - a wand of flame (33)
Scrolls
 f - 4 scrolls of teleportation
 k - 2 scrolls of amnesia
 l - 4 scrolls of identify
 m - 3 scrolls of fog
 s - 6 scrolls of remove curse
 v - 2 scrolls of enchant weapon {unknown}
 K - 2 scrolls of fear
 Y - a scroll of enchant armour {unknown}
Potions
 h - a potion of heal wounds
 j - 2 potions of curing
 n - 3 potions of lignification {unknown}
 q - a potion of flight
 u - 2 potions of cancellation
 w - a potion of might
 x - 2 potions of brilliance {unknown}
 E - 2 potions of degeneration {unknown}
 H - a potion of agility {unknown}
 J - a potion of haste {unknown}
 N - 2 potions of mutation {unknown}
Books
 b - a book of Conjurations

   Spells                             Type                      Level
   a - Magic Dart                     Conjuration                  1
   b - Searing Ray                    Conjuration                  2
   c - Dazzling Spray                 Conjuration/Hexes            3
   d - Fulminant Prism                Conjuration/Hexes            4
   e - Force Lance                    Conjuration/Translocation    4
   f - Iskenderun's Mystic Blast      Conjuration                  4
 e - a book of Changes

   Spells                             Type                      Level
   a - Beastly Appendage              Transmutation                1
   b - Sticks to Snakes               Transmutation                2
   c - Spider Form                    Transmutation/Poison         3
   d - Ice Form                       Ice/Transmutation            4
   e - Blade Hands                    Transmutation                5
 p - a book of Cantrips

   Spells                             Type                      Level
   a - Confusing Touch                Hexes                        1
   b - Animate Skeleton               Necromancy                   1
   c - Summon Small Mammal            Summoning                    1
   d - Apportation                    Translocation                1
 D - a book of Misfortune

   Spells                             Type                      Level
   a - Confusing Touch                Hexes                        1
   b - Confuse                        Hexes                        3
   c - Gell's Gravitas                Translocation                3
   d - Petrify                        Transmutation/Earth          4
   e - Metabolic Englaciation         Hexes/Ice                    5
   f - Yara's Violent Unravelling     Hexes/Transmutation          5
 I - a book of Necromancy

   Spells                             Type                      Level
   a - Pain                           Necromancy                   1
   b - Animate Skeleton               Necromancy                   1
   c - Vampiric Draining              Necromancy                   3
   d - Regeneration                   Charms/Necromancy            3
   e - Animate Dead                   Necromancy                   4
   f - Borgnjor's Vile Clutch         Necromancy/Earth             5
 T - a book of Transfigurations

   Spells                             Type                      Level
   a - Irradiate                      Conjuration/Transmutation    5
   b - Statue Form                    Transmutation/Earth          6
   c - Hydra Form                     Transmutation                6
   d - Dragon Form                    Transmutation                7
Miscellaneous
 r - a crystal ball of energy
Comestibles
 c - 14 rations
 O - 4 chunks of flesh


   Skills:
 - Level 1.0 Long Blades
 + Level 6.1 Dodging
 - Level 1.7 Stealth
 + Level 10.0 Spellcasting
 * Level 15.5 Conjurations
 - Level 1.0 Fire Magic


You had 9 spell levels left.
You knew the following spells:

 Your Spells              Type           Power        Failure   Level  Hunger
a - Magic Dart            Conj           ####         0%          1    None
b - Searing Ray           Conj           ######       0%          2    None
c - Iskenderun's Mystic   Conj           ######..     1%          4    None
d - Force Lance           Conj/Tloc      ######..     1%          4    None
e - Sticky Flame          Conj/Fire      ######..     1%          4    None
f - Orb of Destruction    Conj           ######....   2%          7    #######


Dungeon Overview and Level Annotations

Branches:
Dungeon (12/15)            Temple (1/1) D:6            Lair (0/6) D:8
    Orc (0/2) D:11

Altars:
Ashenzari
Cheibriados
Dithmenos
Elyvilon
Fedhas
Gozag
Hepliaklqana
Kikubaaqudgha
Makhleb
Nemelex Xobeh
Okawaru
Qazlal
Ru
Sif Muna
Trog
Uskayaw
Vehumet
Wu Jian
Xom
Yredelemnul
Zin
The Shining One

Shops:
D:5 (   D:10 [

Annotations:
D:12 Nessos


Innate Abilities, Weirdness & Mutations

You have hooves in place of feet.
You are surrounded by a moderate repulsion field. (EV +3)
A weak demonic guardian rushes to your aid.
You sometimes gain power by taking damage.


Message History

You feel better.
Nessos shoots an arrow.
The arrow misses you.
Nessos shoots an arrow.
The arrow hits you!
* * * LOW HITPOINT WARNING * * *
The arrow burns you.
You are poisoned.
* * * LOW HITPOINT WARNING * * *
You feel better.
The orb of destruction hits Nessos.
Nessos is heavily wounded.
Nessos shoots an arrow.
The arrow completely misses you.
Nessos shoots an arrow.
The arrow misses you.
Casting: Orb of Destruction
Confirm with . or Enter, or press ? or * to list all spells.
Aiming: Orb of Destruction
Press: ? - help, Shift-Dir - straight line, f/p - Nessos
Aim: Nessos, wielding a longbow of flaming and wearing a shiny centaur barding (heavily wounded, fast) Nessos shoots an arrow.
The arrow hits you!!
* * * LOW HITPOINT WARNING * * *
The arrow burns you.
You are lethally poisoned!
You die...

....... ..# ...##.. ..#
...##..#..# ...##.>...#
..........# .)........#
#######'################
).............((........
#...............@.......
#................*§.....
#..................§c...
#..................5..§.
#..#####################
'..#...........#
#..#..#........#
#..'..)........#
#..#.>.........#


You could see Nessos and a friendly iron imp.

Vanquished Creatures
  A two-headed ogre (D:7)
  The ghost of ceb the Skirmisher, a novice DsFi of Qazlal (D:8)
  2 unseen horrors
  A cyclops (D:11)
  Joseph (D:8)
  An ice statue (D:9)
  A centaur skeleton (D:11)
  A komodo dragon (D:11)
  A kobold demonologist (D:11)
  A gargoyle (D:12)
  6 ice devils (D:9)
  A troll (D:8)
  The ghost of ceb the Skirmisher, an amateur DsFi (D:4)
  2 hornets
  2 hippogriffs (D:12)
  15 yaks
  A shadow (D:11)
  A hungry ghost (D:10)
  4 wargs (D:11)
  An acid dragon (D:11)
  2 soldier ants
  5 orc warriors
  6 ice beasts
  2 black bears
  A sky beast (D:8)
  2 phantoms (D:6)
  A wolf (D:8)
  7 centaurs
  An eye of draining (D:11)
  5 ogres
  A crocodile (D:7)
  3 bullfrogs
  3 big kobolds (D:11)
  A gnoll sergeant (D:7)
  A wyvern zombie (D:11)
  2 scorpions
  15 killer bees
  23 wights
  An electric eel (D:8)
  12 crimson imps
  3 jellies
  A bullfrog zombie (D:10)
  2 centaur zombies
  9 orc priests
  12 hounds
  14 orc wizards
  Jessica (D:3)
  An iguana (D:7)
  5 worker ants
  A hound zombie (D:11)
  2 hound skeletons
  3 worker ant zombies
  21 gnolls
  13 adders
  2 river rats (Sewer)
  4 shadow imps
  6 ufetubi (D:9)
  An adder zombie (D:8)
  6 worms
  2 dart slugs (D:1)
  4 leopard geckos
  35 orcs
  5 giant cockroaches
  2 gnoll zombies (D:8)
  7 hobgoblins
  2 jackals
  12 kobolds
  3 quokkas
  A ball python (D:2)
  8 bats
  6 frilled lizards
  7 goblins
  2 quokka skeletons
  12 rats
354 creatures vanquished.

Vanquished Creatures (collateral kills)
  A yak (D:9)
  Menkaure (D:5)
  A water moccasin (D:11)
  2 ogres
  A big kobold (Sewer)
  A bullfrog (D:6)
  A killer bee (D:7)
  A howler monkey (D:6)
  2 hounds
  An orc priest (D:9)
  A gnoll (D:6)
  An adder (D:7)
  A giant cockroach (D:5)
  A jackal (Sewer)
  2 kobolds (D:11)
18 creatures vanquished.

Grand Total: 372 creatures vanquished

Notes
Turn   | Place    | Note
-------+----------+-------------------------------------------
     0 | D:1      | lyrx the Demonspawn Conjurer began the quest for the Orb.
     0 | D:1      | Reached XP level 1. HP: 13/13 MP: 3/3
   195 | D:1      | Gained mutation: You sometimes gain a little power by taking damage. [demonic ancestry]
   195 | D:1      | Reached XP level 2. HP: 19/19 MP: 3/5
   829 | D:2      | Gained mutation: A weak demonic guardian rushes to your aid. [demonic ancestry]
   829 | D:2      | Reached XP level 3. HP: 17/24 MP: 2/6
  1075 | D:2      | Reached skill level 5 in Conjurations
  1084 | D:2      | Learned a level 2 spell: Searing Ray
  1285 | D:2      | Gained mutation: You have large cloven feet. [demonic ancestry]
  1285 | D:2      | Reached XP level 4. HP: 30/30 MP: 1/7
  1464 | D:2      | Reached skill level 6 in Conjurations
  2330 | D:3      | Reached XP level 5. HP: 30/35 MP: 8/8
  2841 | D:3      | Noticed Jessica
  2856 | D:3      | Killed Jessica
  2924 | D:3      | Reached skill level 7 in Conjurations
  2967 | D:3      | Reached XP level 6. HP: 38/41 MP: 4/9
  3167 | D:4      | Found a stormy altar of Qazlal.
  3288 | D:4      | Noticed ceb's ghost (amateur DsFi)
  3400 | D:4      | Reached skill level 8 in Conjurations
  3446 | D:4      | Gained mutation: You have hoof-like feet. [demonic ancestry]
  3446 | D:4      | Reached XP level 7. HP: 28/46 MP: 5/10
  3500 | D:4      | Learned a level 4 spell: Iskenderun's Mystic Blast
  3664 | D:4      | Found a glowing drain.
  3696 | Sewer    | Entered a sewer
  3915 | Sewer    | Found a white marble altar of Elyvilon.
  4209 | D:4      | Killed ceb's ghost
  4209 | D:4      | Reached skill level 9 in Conjurations
  4424 | D:5      | Entered Level 5 of the Dungeon
  4467 | D:5      | Noticed Menkaure
  4487 | D:5      | Killed Menkaure
  4487 | D:5      | Gained mutation: You are surrounded by a mild repulsion field. (EV +2) [demonic ancestry]
  4487 | D:5      | Reached XP level 8. HP: 30/52 MP: 12/12
  4864 | D:5      | Found an ornate altar of the Wu Jian Council.
  4873 | D:5      | Found Sazxedu's Antique Weapon Shop.
  5363 | D:6      | Reached skill level 10 in Conjurations
  5394 | D:6      | Found a radiant altar of Vehumet.
  5395 | D:6      | Found a snail-covered altar of Cheibriados.
  5399 | D:6      | Became a worshipper of Vehumet
  5517 | D:6      | Found a staircase to the Ecumenical Temple.
  5694 | Temple   | Entered the Ecumenical Temple
  6235 | D:6      | Learned a level 4 spell: Force Lance
  6510 | D:7      | Found a burning altar of Makhleb.
  6510 | D:7      | Noticed a cacodemon
  6515 | D:7      | Noticed an orange demon
  6538 | D:7      | Gained mutation: You are surrounded by a moderate repulsion field. (EV +3) [demonic ancestry]
  6538 | D:7      | Reached XP level 9. HP: 57/57 MP: 2/16
  6645 | D:7      | Reached skill level 11 in Conjurations
  6740 | D:7      | Reached skill level 5 in Spellcasting
  6742 | D:7      | Reached * piety under Vehumet
  6742 | D:7      | Offered knowledge of Sandblast by Vehumet.
  7237 | D:7      | Noticed a two-headed ogre
  7246 | D:7      | Killed an unseen horror
  7248 | D:7      | Killed a two-headed ogre
  7248 | D:7      | Reached skill level 5 in Dodging
  7248 | D:7      | Reached skill level 12 in Conjurations
  7248 | D:7      | Gained mutation: You have hooves in place of feet. [demonic ancestry]
  7248 | D:7      | Reached XP level 10. HP: 56/63 MP: 5/19
  7647 | D:7      | Got an ancient war axe
  7648 | D:7      | Identified the +2 war axe "Naanow" {chop, Int+4} (You found it on level 7 of the Dungeon)
  7656 | D:7      | Got a jewelled long sword
  7677 | D:7      | Identified the +8 long sword of Omnoniv {flame, Int+4} (You found it on level 7 of the Dungeon)
  8213 | D:8      | Reached ** piety under Vehumet
  8213 | D:8      | Offered knowledge of Shock by Vehumet.
  8217 | D:8      | Found a basalt altar of Yredelemnul.
  8363 | D:8      | Reached skill level 1 in Long Blades
  8575 | D:8      | Noticed ceb's ghost (novice DsFi)
  8611 | D:8      | Killed ceb's ghost
  8746 | D:8      | Found a staircase to the Lair.
  8858 | D:8      | Reached skill level 13 in Conjurations
  8885 | D:8      | Noticed Joseph
  8896 | D:8      | Killed Joseph
  9276 | D:8      | Offered knowledge of Conjure Flame by Vehumet.
  9292 | D:8      | Found a sacrificial altar of Ru.
  9696 | D:8      | Reached *** piety under Vehumet
 10001 | D:9      | Gained mutation: You sometimes gain power by taking damage. [demonic ancestry]
 10001 | D:9      | Reached XP level 11. HP: 68/68 MP: 0/22
 10440 | D:9      | Offered knowledge of Sticky Flame by Vehumet.
 10454 | D:9      | Learned a level 4 spell: Sticky Flame
 10510 | D:10     | Entered Level 10 of the Dungeon
 10514 | D:9      | Reached skill level 14 in Conjurations
 10990 | D:9      | Found a hide-covered altar of Uskayaw.
 11078 | D:9      | Found a blossoming altar of Fedhas.
 11575 | D:10     | Reached **** piety under Vehumet
 11762 | D:10     | Offered knowledge of Stone Arrow by Vehumet.
 11878 | D:10     | Found Roarekh's Antique Armour Shop.
 12002 | D:10     | Bought an ichor-stained robe for 176 gold pieces
 12012 | D:10     | Identified the +2 robe of the Eternal Void {rPois Str-5 Int+5} (You bought it in a shop on level 10 of the Dungeon)
 12298 | D:10     | Reached skill level 1 in Fire Magic
 13241 | D:11     | Found a staircase to the Orcish Mines.
 13598 | D:11     | Reached skill level 15 in Conjurations
 13782 | D:11     | Reached ***** piety under Vehumet
 13792 | D:11     | Offered knowledge of Orb of Destruction by Vehumet.
 13941 | D:11     | Learned a level 7 spell: Orb of Destruction
 14068 | D:11     | Reached XP level 12. HP: 74/74 MP: 21/25
 15367 | D:12     | Reached skill level 10 in Spellcasting
 15587 | D:12     | Noticed Nessos
 15595 | D:12     | HP: 2/74 [Nessos/arrow (28)]
 15595 | D:12     | Shot with an arrow by Nessos

Skill      XL: |  1  2  3  4  5  6  7  8  9 10 11 12 |
---------------+-------------------------------------+-----
Conjurations   | 5 6 7 8 9 10 12 13 15 | 15.5
Dodging        | 2 3 5 6 |  6.1
Spellcasting   | 3 4 6 7 9 10 | 10.0
Long Blades    | 1 |  1.0
Fire Magic     | 1 |  1.0
Stealth        | |  1.7

Action                   |  1- 3 |  4- 6 |  7- 9 | 10-12 || total
-------------------------+-------+-------+-------+-------++-------
Melee: Hand axe          |    48 |    75 |   137 |       ||   260
       Unarmed           |     3 |       |       |       ||     3
       Kick              |       |    13 |    31 |    40 ||    84
       Long sword        |       |       |       |   104 ||   104
Throw: Stone             |       |       |       |    29 ||    29
       Javelin           |       |       |       |     4 ||     4
       Tomahawk          |       |       |       |     1 ||     1
 Cast: Magic Dart        |    19 |    24 |    58 |    73 ||   174
       Searing Ray       |     2 |    19 |    45 |    32 ||    98
       Iskenderun's Myst |       |       |    20 |   211 ||   231
       Force Lance       |       |       |       |     1 ||     1
       Sticky Flame      |       |       |       |     9 ||     9
       Orb of Destructio |       |       |       |    15 ||    15
Evoke: Wand              |       |       |       |    40 ||    40
  Use: Scroll            |       |    10 |     1 |     3 ||    14
       Potion            |       |       |     3 |     5 ||     8
 Stab: Sleeping          |       |     1 |       |     1 ||     2
  Eat: Chunk             |     1 |     4 |     4 |    53 ||    62
       Ration            |       |     2 |     3 |     1 ||     6
Armor: Robe              |    13 |    23 |    20 |     5 ||    61
       Troll leather arm |       |       |       |    31 ||    31
Dodge: Dodged            |    44 |    52 |   142 |   185 ||   423
       Rpst.: Long sword |       |       |       |    51 ||    51
